AoeStats
← az89

Pilgrims

509844719Analyzed
4v4 RM · 3d ago on Sep 28, 2026· 38m 33s· 8 players
Game mode
Random Map
Map size
Large (8 player)
Population
200
Speed
Normal
Resources
Standard
Victory
Conquest
Starting age
Dark Age
Ending age
Imperial Age
RankedLock teamsTeams togetherTeam positionsShared explorationLock speedFull tech treeHidden civsTurbo modeCheats
Victory
Defeat
🇭🇰 Burgundians · Hong Kong SAR China
933
+31
🇭🇰 Jurchens · Hong Kong SAR China
863
+41
🇨🇳 Spanish · China
821
+17
🇨🇳 Spanish · China
791
+18
🇨🇿 Cumans · Czechia
908
-18
🇦🇺 Romans · Australia
869
-17
🇦🇷 Burmese · Argentina
837
-15
🇮🇳 Persians · India
751
-17
yyyyyliber
11:43 Feudal Age
16:05 Castle Age
14:21 Double-Bit Axe
22:58 Imperial Age
31:12 Murder Holes
31:50 Padded Archer Armor
31:55 Scale Barding Armor
35:05 Leather Archer Armor
34:55 Scale Barding Armor
37:00 Ring Archer Armor
KENNYCHAN
4:50 Double-Bit Axe
9:24 Loom
10:14 Wheelbarrow
14:41 Horse Collar
17:34 Feudal Age
17:00 Stone Mining
17:00 Gold Mining
18:43 Bow Saw
19:11 Gold Shaft Mining
19:12 Stone Shaft Mining
18:42 Heavy Plow
21:41 Hand Cart
25:32 Castle Age
28:12 Two-Man Saw
27:44 Crop Rotation
29:06 Fletching
29:17 Padded Archer Armor
29:27 Forging
29:18 Scale Mail Armor
29:23 Squires
29:09 Arson
欧皇
15:08 Feudal Age
17:02 Wheelbarrow
17:19 Wheelbarrow
23:06 Castle Age
24:50 Double-Bit Axe
27:18 Stone Mining
27:18 Gold Mining
28:51 Fletching
TimGor
9:27 Loom
15:20 Feudal Age
16:07 Double-Bit Axe
18:58 Bloodlines
20:45 Scale Barding Armor
32:19 Castle Age
31:39 Fletching
31:54 Padded Archer Armor
MarkusVinicius
5:07 Loom
15:01 Feudal Age
16:27 Wheelbarrow
15:42 Double-Bit Axe
15:45 Horse Collar
15:54 Town Watch
17:58 Fletching
18:22 Forging
18:40 Stone Mining
21:04 Scale Mail Armor
0800goon
2:51 Loom
17:31 Feudal Age
18:50 Wheelbarrow
18:26 Gold Mining
18:39 Stone Mining
22:03 Fletching
22:13 Padded Archer Armor
27:38 Castle Age
az89
3:56 Loom
13:14 Feudal Age
13:49 Fishing Lines
14:11 Double-Bit Axe
14:18 Town Watch
15:42 Wheelbarrow
20:49 Man-at-Arms
22:02 Gold Mining
22:05 Stone Mining
24:19 Castle Age
23:08 Forging
22:59 Scale Mail Armor
25:20 Bow Saw
26:16 Iron Casting
25:57 Chain Mail Armor
25:29 Long Swordsman
26:11 Squires
27:06 Gillnets
27:58 Medium Warships
29:05 Hand Cart
29:28 Scale Barding Armor
29:14 Fletching
31:36 Chain Barding Armor
35:36 Husbandry
35:47 Bloodlines
37:31 Gold Shaft Mining
ShrouD
12:23 Loom
17:48 Feudal Age
19:26 Horse Collar
19:34 Double-Bit Axe
21:05 Wheelbarrow
20:16 Town Watch
23:06 Castle Age
20:54 Town Watch
23:12 Gold Mining
23:27 Stone Mining
24:16 Bow Saw
27:42 Hand Cart
27:29 Town Patrol
33:43 Parthian Tactics
Connection lost

Rejoining the realm…

Still unreachable

The connection could not be restored.

Session expired

The server has moved on; the page needs a fresh start.